 Dungeon Crawl Stone Soup version 0.30-a0-304-gdc4b735fe1 (webtiles) character file.

Game seed: 1737840881811660597

3630 koil the Covert (level 9, 0/47 HPs)
             Began as a Spriggan Brigand on Oct 20, 2022.
             Was a Follower of Wu Jian.
             Slain by a gnoll sergeant
             ... wielding a +0 trident
              (6 damage)
             ... on level 7 of the Dungeon on Oct 21, 2022.
             The game lasted 00:28:38 (8140 turns).

koil the Covert (Spriggan Brigand)                  Turns: 8140, Time: 00:28:39

Health: 0/47       AC:  3    Str:  7    XL:     9   Next: 87%
Magic:  21/21      EV: 37    Int: 17    God:    Wu Jian [*.....]
Gold:   447        SH:  0    Dex: 16    Spells: 23/23 levels left

rFire   . . .      SeeInvis +    a - +4 short sword (venom)
rCold   . . .      Faith    .    (no shield)
rNeg    . . .      Spirit   .    C - +0 robe
rPois   +          Reflect  .    (helmet restricted)
rElec   .          Harm     .    u - +0 cloak {rPois}
rCorr   .          Rampage  .    (gloves unavailable)
Will    ++...                    (boots unavailable)
Stlth   +++++.....               h - amulet of the acrobat
HPRegen 0.27/turn                q - ring of willpower
MPRegen 0.17/turn                (no ring)

@: acrobatic, very quick
A: very small, no large weapons, unfitting armour, see invisible, speed 3
a: Renounce Religion


You were on level 7 of the Dungeon.
You worshipped Wu Jian.
Wu Jian was aware of your devotion.
You visited 2 branches of the dungeon, and saw 8 of its levels.
You also visited: Sewer.

You collected 447 gold pieces.

Inventory:

Hand Weapons
 a - a +4 short sword of venom (weapon)
 r - a +3 short sword
 A - a +1 broad axe of flaming
Missiles
 d - 35 poisoned darts (quivered)
 e - 10 curare-tipped darts
Armour
 u - a +0 cloak of poison resistance (worn)
 B - +0 acid dragon scales
 C - a +0 robe (worn)
Jewellery
 h - an amulet of the acrobat (around neck)
 j - a ring of protection from fire
 l - a ring of protection from cold
 q - a ring of willpower (left hand)
 y - a ring of magical power
Wands
 n - a wand of polymorph (12)
 s - a wand of flame (28)
Scrolls
 b - a scroll of summoning
 i - a scroll of acquirement {unknown}
 k - 5 scrolls of identify
 o - a scroll of poison {unknown}
 p - 5 scrolls of teleportation
 t - 2 scrolls of vulnerability {unknown}
Potions
 c - 2 potions of resistance {unknown}
 f - a potion of magic {unknown}
 g - 2 potions of heal wounds
 m - 2 potions of brilliance {unknown}
 v - 2 potions of cancellation
 w - a potion of invisibility {unknown}
 x - 2 potions of might
 z - 3 potions of curing
 E - a potion of haste


   Skills:
 + Level 5.5 Fighting
 + Level 7.3 Short Blades
 - Level 2.0 Throwing
 + Level 8.4 Dodging
 + Level 11.3 Stealth
 + Level 7.5 Spellcasting


You had 23 spell levels left.
You didn't know any spells.
Your spell library contained the following spells:

 Spells                   Type           Power      Damage    Failure   Level
 Apportation              Tloc           12%        N/A       11%         1
 Magic Dart               Conj           24%        1d4       11%         1
 Necrotise                Necr           24%        1d5       11%         1
 Sandblast                Erth           12%        2d6       11%         1
 Summon Small Mammal      Summ           24%        N/A       11%         1
 Call Imp                 Summ           6%         N/A       17%         2
 Passwall                 Tmut/Erth      5%         N/A       17%         2
 Scorch                   Fire           12%        2d6       17%         2
 Dazzling Flash           Conj/Hex       12%        N/A       32%         3
 Mephitic Cloud           Conj/Pois/Air  6%         N/A       32%         3
 Portal Projectile        Hex/Tloc       12%        N/A       32%         3
 Stone Arrow              Conj/Erth      12%        3d7       32%         3
 Tukima's Dance           Hex            6%         N/A       32%         3
 Vampiric Draining        Necr           6%         2d6       32%         3
 Flame Wave               Conj/Fire      6%         2d5       73%         4
 Agony                    Necr           6%         N/A       97%         5
 Blade Hands              Tmut           3%         N/A       97%         5
 Silence                  Hex/Air        3%         N/A       97%         5
 Summon Cactus Giant      Summ           3%         N/A       100%        6


Dungeon Overview and Level Annotations

Branches:
Dungeon (7/15)             Temple (1/1) D:4           Sewer (visited)

Altars:
Ashenzari
Cheibriados
Dithmenos
Elyvilon
Fedhas
Gozag
Hepliaklqana
Kikubaaqudgha
Makhleb
Nemelex Xobeh
Okawaru
Qazlal
Ru
Sif Muna
Trog
Uskayaw
Vehumet
Wu Jian
Xom
Yredelemnul
Zin
The Shining One


Innate Abilities, Weirdness & Mutations

You are very small and have problems with some larger weapons.
You are too small for most types of armour.
You have supernaturally acute eyesight. (SInv)
You cover ground extremely quickly. (Speed+++)


Message History

The gnoll hits you from afar with a +0 spear!
You spin and attack the gnoll.
You hit the gnoll.
The gnoll is poisoned.
The gnoll is lightly wounded.
You lunge at the gnoll.
You hit the gnoll.
The gnoll looks as sick as possible!
The gnoll is severely wounded.
You lunge at the gnoll.
You hit the gnoll.
You kill the gnoll!
The Council accepts your kill. The gnoll completely misses you.
You open the door.
There is an open door here.
As you close the door, it creaks loudly!
There is a stone staircase leading up here.
A gnoll opens the door.
There is a stone staircase leading up here.
You lunge at the gnoll.
You hit the gnoll.
The gnoll is poisoned.
The gnoll is lightly wounded.
The gnoll hits you with a +0 spear!
The gnoll sergeant hits you from afar with a +0 trident!
You barely miss the gnoll. You punch the gnoll, but do no damage.
The gnoll is lightly wounded.
You hit the gnoll.
The gnoll looks as sick as possible!
The gnoll is severely wounded.
You kill the gnoll!
The Council accepts your kill. The gnoll completely misses you.
The gnoll sergeant closely misses you.
You lunge at the gnoll sergeant.
You barely miss the gnoll sergeant.
There is an open door, spattered with blood here.
You see here a +0 spear.
You barely miss the gnoll sergeant. The gnoll completely misses you.
The gnoll sergeant completely misses you.
You closely miss the gnoll sergeant. The gnoll misses you.
The gnoll hits you with a +0 halberd!
The gnoll sergeant hits you with a +0 trident!
* * * LOW HITPOINT WARNING * * *
You hit the gnoll sergeant but do no damage.
The gnoll sergeant is poisoned.
The gnoll completely misses you.
The gnoll sergeant hits you from afar with a +0 trident.
You die...

##################.##.# #.##
#.....##.....†.....##.# #.##
#####.....##..#.....#.....# #.##
....#.....##..#.....#..##.####.##
.##.#.....##..#.....#..........##
..........+.gg+.....#.###.###..##
.##...)...##..#ggg..#.# #.# #..##
.##..#######.g##)####.# #.# #..#
.##..........g##@####†# #.###..##
####.#######..##.#....# #........
####.#######..##.#....#######..##
................<'............>#
.....#.#####..##.#....#######..#
.....#.# #..##.####.# #..#
.....#.#####..##.# #.# #..#
..........##..##.# #.# ###.##
..........##.g##.####.#####...#


You could see a gnoll sergeant (poisoned) and 2 gnolls.

Vanquished Creatures
  A two-headed ogre (D:6)
  Maggie (D:7)
  Sigmund (D:3)
  A wyvern (D:7)
  A steam dragon (D:7)
  Menkaure (D:5)
  Duvessa (D:5)
  2 sky beasts (D:7)
  A black bear (D:2)
  An ogre (D:5)
  6 kobold brigands
  A phantom (D:7)
  A bullfrog (D:7)
  A necrophage (D:5)
  4 scorpions
  A wight (D:7)
  Dowan (D:5)
  A crimson imp (D:5)
  4 orc priests
  4 hounds
  5 iguanas
  4 orc wizards
  5 gnolls
  9 adders
  2 river rats (Sewer)
  2 shadow imps (D:5)
  A white imp (D:5)
  3 worms
  A dart slug (D:2)
  10 orcs
  6 endoplasms
  7 giant cockroaches
  7 goblins
  7 hobgoblins
  2 jackals (D:1)
  43 kobolds
  4 quokkas
  8 ball pythons
  7 bats
  3 frilled lizards
  12 rats
183 creatures vanquished.

Vanquished Creatures (others)
  A human (D:6)
  18 plants (D:4)
19 creatures vanquished.

Grand Total: 202 creatures vanquished

Notes
Turn   | Place    | Note
-------+----------+-------------------------------------------
     0 | D:1      | koil the Spriggan Brigand began the quest for the Orb.
     0 | D:1      | Reached XP level 1. HP: 10/10 MP: 2/2
    77 | D:1      | Reached skill level 6 in Stealth
    83 | D:1      | Reached XP level 2. HP: 15/15 MP: 2/4
   246 | D:1      | Reached skill level 1 in Spellcasting
   637 | D:1      | Reached XP level 3. HP: 12/18 MP: 5/5
  1115 | D:2      | Noticed a black bear
  1120 | D:2      | Killed a black bear
  1121 | D:2      | Reached XP level 4. HP: 23/23 MP: 6/8
  1121 | D:2      | Reached XP level 5. HP: 27/27 MP: 6/9
  1622 | D:2      | Found a faded altar of an unknown god.
  1832 | D:3      | Found an iron altar of Okawaru.
  1857 | D:3      | Noticed Sigmund
  1863 | D:3      | Killed Sigmund
  1864 | D:3      | Reached skill level 7 in Stealth
  1864 | D:3      | Reached XP level 6. HP: 32/32 MP: 9/11
  2016 | D:3      | Found a glowing drain.
  2052 | Sewer    | Entered a sewer
  2407 | Sewer    | Reached XP level 7. HP: 33/36 MP: 13/13
  2674 | Sewer    | Reached skill level 8 in Stealth
  3084 | D:3      | Reached skill level 5 in Dodging
  4007 | D:4      | Found a blossoming altar of Fedhas.
  4389 | D:4      | Reached skill level 5 in Short Blades
  4439 | D:4      | Found a bloodstained altar of Trog.
  4515 | D:4      | Found a staircase to the Ecumenical Temple.
  4650 | D:4      | Reached XP level 8. HP: 42/42 MP: 16/16
  4650 | D:4      | Found a snail-covered altar of Cheibriados.
  4901 | Temple   | Entered the Ecumenical Temple
  5108 | Temple   | Became a worshipper of the Wu Jian Council
  5218 | D:5      | Entered Level 5 of the Dungeon
  5248 | D:5      | Reached skill level 5 in Spellcasting
  5286 | D:5      | You fall into a shaft and drop 2 floors!
  5567 | D:5      | Reached skill level 9 in Stealth
  5747 | D:5      | Noticed Dowan
  5750 | D:5      | Noticed Duvessa
  5801 | D:5      | Killed Duvessa
  5830 | D:5      | Noticed Menkaure
  5838 | D:5      | Killed Dowan
  5976 | D:5      | Found a burning altar of Makhleb.
  6378 | D:5      | Killed Menkaure
  6378 | D:5      | Reached * piety under Wu Jian
  6651 | D:6      | Found an opulent altar of Gozag.
  6656 | D:6      | Reached XP level 9. HP: 46/46 MP: 19/19
  6679 | D:6      | Noticed a two-headed ogre
  6739 | D:6      | Killed a two-headed ogre
  6740 | D:6      | Reached skill level 10 in Stealth
  6932 | D:6      | Found a basalt altar of Yredelemnul.
  7007 | D:6      | Reached skill level 5 in Fighting
  7098 | D:6      | Found an ancient bone altar of Kikubaaqudgha.
  7662 | D:7      | Reached skill level 11 in Stealth
  7851 | D:7      | Noticed Maggie
  7907 | D:7      | Killed Maggie
  8140 | D:7      | Slain by a gnoll sergeant

Illustrated notes

Levels and vault maps discovered:
D:1:      dpeg_arrival_tiny_g, layout_basic
D:2:      layout_basic, shapermc_ecumenical_altar_hornbeckon
D:3:      cheibrodos_thug_alley, layout_basic, mainiacjoe_overflow_boulevard,
          gup_sewer_entry_glass, uniq_sigmund
D:4:      kennysheep_kobold_camp, layout_rooms, old_standard_altar,
          mainiacjoe_overflow_surrounded_room, lemuel_crystal_altar,
          minmay_temple_entry_enclosed_plants
D:5:      layout_rooms, makhleb_grotto_becter, uniq_duvessa, uniq_menkaure
D:6:      layout_loops_cross, tgw_kikubaaqudgha,
          nicolae_gozag_cash_rules_everything_around_me, amcnicky_altar_gilded,
          nicolae_sextant
D:7:      layout_basic, uniq_maggie
Temple:   eino_narrow_crystal_temple

Skill      XL: |  1  2  3  4  5  6  7  8  9 |
---------------+----------------------------+-----
Stealth        | 6 7 8 9 11 | 11.3
Spellcasting   | 1 2 3 4 6 7 |  7.5
Dodging        | 2 3 4 5 7 8 |  8.4
Fighting       | 2 3 4 5 |  5.5
Short Blades   | 3 4 5 6 7 |  7.3
Throwing       | |  2.0

Action                   |  1- 3 |  4- 6 |  7- 9 || total
-------------------------+-------+-------+-------++-------
Melee: Dagger            |   119 |   110 |   243 ||   472
       Punch             |       |     4 |     4 ||     8
       Short sword       |       |       |   196 ||   196
Throw: Dart              |       |       |     8 ||     8
Invok: Lunge             |       |       |    23 ||    23
       Whirlwind         |       |       |     4 ||     4
  Use: Scroll            |       |       |    14 ||    14
 Stab: Sleeping          |     9 |     4 |    14 ||    27
       Distracted        |       |       |     1 ||     1
Armor: Robe              |    21 |     8 |    22 ||    51
Dodge: Dodged            |    75 |    52 |   270 ||   397

Table legend: (Time is in decaauts)
 A = Elapsed time spent in this place.
 B = Non-inter-level travel time spent in this place.
 C = Inter-level travel time spent in this place.
 D = Time resting spent in this place.
 E = Time spent auto-exploring this place.
 F = Levels seen in this place.
 G = Mean time per level.
                   A        B        C        D        E       F      G
               +--------+--------+--------+--------+--------+-----+--------+
         Total |   5911 |   5643 |    268 |    444 |   3543 |   9 |  656.8 |
       Dungeon |   4808 |   4570 |    238 |    375 |   2884 |   7 |  686.9 |
        Temple |    186 |    157 |     29 |      0 |    103 |   1 |  186.0 |
         Sewer |    916 |    916 |      0 |     69 |    555 |   1 |  916.0 |
               +--------+--------+--------+--------+--------+-----+--------+

Top non-repeatable levels by time:
   Sewer: 916 daAuts
     D:4: 806 daAuts
     D:5: 784 daAuts
     D:3: 776 daAuts
     D:6: 671 daAuts
     D:7: 634 daAuts
     D:2: 596 daAuts
     D:1: 539 daAuts
  Temple: 186 daAuts
